Map: Shipwrecked LE

Players

kate - Winner!

  • Race: Protoss Protoss
  • Spawn Location: 5:00

DARKSUN - Winner!

  • Race: Terran Terran
  • Spawn Location: 6:00

MooEsqoo - Winner!

  • Race: Protoss Protoss
  • Spawn Location: 3:00

Spanner - Winner!

  • Race: Zerg Zerg
  • Spawn Location: 5:00

WrathCrusade

  • Race: Protoss Protoss
  • Spawn Location: 9:00

django

  • Race: Protoss Protoss
  • League: Silver
  • Spawn Location: 9:00

Osminog

  • Race: Terran Terran
  • Spawn Location: 12:00

cosby

  • Race: Protoss Protoss
  • Spawn Location: 11:00

VOD

Have the link to the VOD?

Description

Time

  • Played on: Nov. 13, 2019, 10:11 a.m.
  • Length: 18:03
Show
View Real Time Build Order
Export as new Build Order

kate Protoss - Winner!

Build Orders: Carriers 

Get SALT Encoding   

  12  0:10  Probe (Chrono Boost)  
  13  0:19  Pylon  
  13  0:24  Assimilator  
  13  0:25  Probe (Chrono Boost)  
  14  1:06  Nexus  
  14  1:10  Probe (Chrono Boost)  
  15  1:27  Gateway  
  15  1:32  Assimilator  
  15  1:34  Probe  
  16  1:46  Probe  
  17  1:58  Probe (Chrono Boost)  
  18  2:10  Probe (Chrono Boost)  
  19  2:20  Probe (Chrono Boost)  
  19  2:22  Probe (Chrono Boost)  
  22  2:30  Probe (Chrono Boost)  
  22  2:35  Probe (Chrono Boost)  
  23  2:37  Cybernetics Core  
  23  2:40  Probe  
  24  2:44  Probe  
  24  2:49  Assimilator  
  25  2:54  Assimilator  
  25  2:57  Probe  
  26  3:09  Probe  
  27  3:21  Probe  
  28  3:30  Nexus  
  28  3:33  Probe  
  29  3:44  Forge  
  29  3:45  Pylon, Probe (Chrono Boost)  
  30  3:52  Pylon  
  30  3:57  Probe (Chrono Boost)  
  31  4:05  Probe (Chrono Boost)  
  31  4:08  Stargate  
  32  4:11  Probe  
  32  4:16  Stargate  
  33  4:23  Stargate  
  33  4:25  Protoss Shields Level 1 (Chrono Boost)  
  33  4:37  Probe (Chrono Boost)  
  34  4:47  Probe (Chrono Boost)  
  36  4:52  Probe (Chrono Boost)  
  36  4:56  Probe (Chrono Boost)  
  37  5:03  Probe (Chrono Boost)  
  37  5:06  Probe (Chrono Boost)  
  39  5:08  Probe (Chrono Boost)  
  40  5:15  Probe  
  40  5:18  Protoss Air Armor Level 1 (Chrono Boost)  
  40  5:19  Probe  
  42  5:21  Twilight Council  
  42  5:28  Probe  
  43  5:31  Probe  
  43  5:35  Fleet Beacon  
  44  5:43  Probe (Chrono Boost)  
  44  5:48  Assimilator  
  45  5:51  Assimilator  
  45  5:55  Probe (Chrono Boost)  
  46  6:03  Probe (Chrono Boost)  
  47  6:09  Probe  
  48  6:19  Carrier x2  
  48  6:20  Carrier  
  48  6:21  Probe  
  67  6:36  Probe  
  68  6:48  Probe  
  69  6:54  Pylon  
  69  6:56  Pylon  
  69  6:58  Pylon  
  69  6:59  Pylon  
  69  7:02  Pylon  
  69  7:08  Pylon  
  69  7:10  Pylon  
  69  7:12  Pylon  
  69  7:14  Pylon  
  69  7:20  Protoss Air Weapons Level 1  
  69  7:23  Carrier  
  69  7:24  Carrier  
  81  7:34  Carrier, Protoss Shields Level 2 (Chrono Boost)  
  87  8:06  Mothership  
  95  8:27  Carrier  
  95  8:28  Carrier  
  107  8:38  Carrier  
  95  9:27  Protoss Air Armor Level 2 (Chrono Boost)  
  95  9:32  Carrier x2  
  107  9:42  Carrier  
  113  10:36  Carrier, Void Ray  
  113  10:37  Protoss Shields Level 3 (Chrono Boost)  
  123  10:46  Carrier  
  105  11:19  Carrier  
  105  11:40  Carrier  
  111  11:51  Carrier  
  117  11:55  Pylon  
  117  12:23  Carrier  
  123  12:34  Shield Battery  
  123  12:37  Shield Battery x2  
  123  12:44  Carrier  
  129  12:54  Void Ray  
  133  13:15  Protoss Air Armor Level 3 (Chrono Boost)  
  133  13:28  Carrier  
  139  13:38  Carrier  
  145  14:00  Pylon  
  145  14:02  Pylon  
  145  14:07  Pylon  
  145  14:09  Pylon  
  144  14:10  Carrier  
  144  14:11  Pylon  
  144  14:13  Pylon  
  144  14:15  Pylon  
  149  14:32  Void Ray  
  153  14:41  Void Ray  
  127  15:14  Carrier  
  127  15:15  Carrier  
  139  15:25  Carrier  
  117  16:18  Carrier  
  117  16:19  Carrier  
  129  16:29  Carrier  
Show
View Real Time Build Order
Export as new Build Order

DARKSUN Terran - Winner!

Build Orders:  

Get SALT Encoding   

  12  0:02  SCV  
  13  0:16  Supply Depot  
  13  0:19  SCV  
  14  0:31  SCV  
  15  0:38  Supply Depot  
  15  0:46  Barracks  
  15  0:50  SCV  
  16  1:02  Engineering Bay  
  16  1:05  SCV  
  17  1:18  SCV  
  18  1:25  Refinery  
  18  1:30  SCV  
  19  1:41  Bunker  
  19  1:42  Marine  
  20  2:00  Marine  
  21  2:09  SCV  
  22  2:17  Marine  
  22  2:21  SCV, Command Center  
  24  2:27  Refinery  
  24  2:33  SCV  
  24  2:35  Marine  
  26  2:48  Factory  
  26  2:53  Orbital Command  
  26  3:11  Missile Turret  
  26  3:20  SCV  
  27  3:31  Factory  
  27  3:32  SCV, Factory Tech Lab  
  28  3:42  Refinery  
  28  3:43  SCV  
  28  3:44  SCV  
  30  3:55  SCV  
  31  3:56  SCV  
  31  3:57  Siege Tank  
  35  4:07  SCV  
  35  4:08  SCV  
  37  4:17  Starport  
  37  4:19  SCV  
  37  4:20  SCV  
  37  4:22  Factory Reactor  
  39  4:30  Refinery  
  39  4:33  SCV  
  40  4:45  SCV  
  41  4:48  Orbital Command  
  41  4:56  Starport, Starport Reactor, Missile Turret  
  41  4:57  SCV  
  42  5:06  Widow Mine x2  
  46  5:20  Missile Turret  
  46  5:34  SCV x2, Widow Mine x3  
  54  5:41  Starport Reactor  
  54  5:42  Supply Depot  
  54  5:45  Armory  
  54  6:04  SCV x2, Widow Mine x2  
  54  6:06  Supply Depot  
  54  6:08  Widow Mine  
  62  6:27  SCV, Viking x2  
  62  6:28  Widow Mine x2, Supply Depot  
  71  6:39  SCV  
  72  6:41  Viking x2  
  76  6:49  Supply Depot  
  76  6:52  SCV  
  77  6:54  Terran Vehicle And Ship Armor Level 1  
  77  6:57  Viking x2  
  77  7:00  Armory  
  81  7:03  Supply Depot  
  81  7:04  SCV  
  82  7:11  Viking  
  82  7:12  Supply Depot  
  82  7:15  Viking  
  86  7:16  SCV  
  87  7:26  Supply Depot  
  87  7:27  Viking x2  
  87  7:28  SCV  
  92  7:39  Widow Mine  
  92  7:40  Widow Mine x2  
  98  7:50  Supply Depot  
  98  7:51  Terran Ship Weapons Level 1  
  98  7:58  Starport  
  98  8:01  Widow Mine x3  
  104  8:22  Widow Mine x2  
  96  8:44  Starport Reactor  
  96  8:45  Viking x4  
  102  9:04  Terran Vehicle And Ship Armor Level 2  
  102  9:16  Command Center  
  102  9:17  Sensor Tower  
  102  9:20  Smart Servos  
  102  9:23  Hi-Sec Auto Tracking  
  102  9:25  Viking x3  
  108  9:37  Missile Turret  
  108  9:39  Supply Depot  
  108  9:48  Viking x3  
  114  9:55  Viking  
  116  10:02  Missile Turret  
  116  10:08  Viking x2  
  120  10:18  Viking  
  120  10:20  Missile Turret  
  122  10:30  Refinery  
  122  10:35  Viking  
  122  10:36  Viking x2  
  122  10:38  Viking  
  122  10:39  Drilling Claws  
  122  10:41  Orbital Command, Missile Turret  
  130  10:50  Supply Depot  
  130  11:02  Missile Turret  
  130  11:37  SCV  
  131  11:43  Missile Turret  
  131  11:49  SCV  
  131  11:50  Viking x4  
  131  11:51  Viking x2  
  144  12:01  SCV  
  144  12:06  Terran Ship Weapons Level 2, Missile Turret  
  144  12:07  Terran Vehicle And Ship Armor Level 3  
  145  12:13  SCV  
  139  12:20  Viking x2  
  143  12:24  Viking x2  
  143  12:25  SCV  
  148  12:37  Refinery  
  146  12:57  Viking x3  
  152  13:43  Command Center  
  152  13:46  Missile Turret  
  152  14:07  Missile Turret  
  142  14:53  Viking x3  
  142  14:54  Viking x3  
  142  14:56  Starport  
  136  15:23  Viking x3  
  136  15:24  Viking x3  
  148  16:43  Viking x2, Starport Reactor  
  148  16:44  Viking x4  
  160  17:13  Viking x3  
  160  17:14  Viking  
Show
View Real Time Build Order
Export as new Build Order

MooEsqoo Protoss - Winner!

Build Orders: 1 Gate Expand, Carriers 

Get SALT Encoding   

  12  0:02  Probe  
  13  0:14  Probe  
  13  0:19  Pylon  
  14  0:27  Probe  
  15  0:39  Gateway  
  15  0:43  Assimilator  
  15  0:45  Probe  
  16  0:57  Probe  
  17  1:11  Probe  
  18  1:28  Cybernetics Core  
  18  1:35  Probe  
  18  1:36  Nexus  
  19  1:46  Pylon  
  19  1:48  Probe  
  19  1:53  Assimilator  
  20  2:16  Probe  
  20  2:20  Stalker  
  23  2:29  Probe  
  24  2:34  Warp Gate  
  24  2:42  Probe  
  25  2:53  Robotics Facility  
  25  2:59  Probe  
  25  3:02  Probe  
  27  3:12  Probe  
  28  3:14  Stalker, Probe  
  31  3:21  Gateway  
  31  3:23  Gateway  
  31  3:24  Probe  
  32  3:31  Probe  
  33  3:36  Probe  
  33  3:38  Assimilator  
  34  3:42  Assimilator  
  34  3:43  Probe  
  34  3:44  Stalker  
  37  3:48  Probe  
  38  4:00  Pylon, Probe  
  39  4:03  Pylon  
  39  4:05  Probe  
  40  4:12  Probe, Warp Prism  
  43  4:17  Probe  
  44  4:34  Stalker x2  
  44  4:35  Stalker  
  50  4:49  Probe  
  50  4:50  Probe  
  52  4:55  Immortal (Chrono Boost)  
  56  5:01  Probe  
  56  5:02  Probe  
  58  5:13  Gateway  
  58  5:16  Gateway  
  58  5:19  Gateway, Stalker x2  
  62  5:27  Pylon  
  62  5:30  Pylon  
  62  5:33  Pylon  
  62  5:42  Immortal (Chrono Boost)  
  62  5:45  Probe x2  
  68  5:57  Probe  
  69  6:16  Stalker x4  
  69  6:17  Stalker  
  69  6:18  Stalker  
  81  6:20  Immortal (Chrono Boost)  
  85  6:36  Probe  
  86  6:44  Pylon  
  86  6:46  Pylon  
  86  6:48  Pylon  
  86  6:50  Pylon  
  86  7:02  Probe  
  86  7:05  Stalker x2  
  86  7:06  Stalker x3  
  97  7:14  Probe  
  78  7:33  Stalker x2  
  78  7:34  Stalker x2  
  78  7:35  Stalker x2  
  90  7:40  Immortal (Chrono Boost)  
  94  8:02  Stalker  
  94  8:03  Stalker x5  
  78  8:34  Stalker  
  78  8:35  Stalker x3  
  78  8:36  Stalker x2  
  64  9:02  Stargate  
  64  9:06  Stargate  
  64  9:08  Stargate  
  64  9:24  Stalker  
  64  9:25  Nexus  
  50  9:43  Stalker x2  
  50  9:44  Stalker  
  56  9:45  Stalker x2  
  60  9:54  Fleet Beacon  
  60  10:06  Stalker, Pylon  
  60  10:07  Stalker  
  64  10:32  Protoss Air Weapons Level 1  
  64  10:34  Stalker x3  
  70  10:38  Probe  
  71  10:43  Assimilator  
  71  10:48  Assimilator  
  71  10:52  Stalker x3  
  77  10:58  Shield Battery  
  77  11:05  Shield Battery  
  77  11:07  Forge  
  77  11:15  Stalker x3  
  83  11:32  Probe  
  84  11:41  Carrier  
  84  11:44  Probe  
  91  11:53  Probe  
  92  11:54  Probe  
  92  11:56  Probe  
  94  12:05  Probe  
  94  12:07  Probe  
  94  12:08  Probe  
  97  12:16  Protoss Ground Weapons Level 1  
  97  12:17  Probe  
  97  12:19  Probe  
  97  12:20  Probe  
  100  12:25  Photon Cannon  
  100  12:27  Photon Cannon  
  100  12:29  Probe  
  101  12:31  Probe  
  101  12:32  Photon Cannon, Probe  
  101  12:36  Pylon  
  103  12:41  Probe  
  104  12:44  Probe  
  105  12:53  Shield Battery  
  105  12:59  Carrier (Chrono Boost)  
  105  13:01  Carrier x2 (Chrono Boost)  
  123  13:08  Immortal  
  127  13:24  Stargate  
  127  13:26  Stargate  
  127  13:30  Stargate  
  127  13:36  Stalker x4  
  127  13:41  Pylon  
  135  13:43  Pylon  
  135  13:44  Pylon  
  135  13:49  Pylon  
  135  13:51  Pylon  
  135  14:06  Stargate  
  135  14:13  Stargate  
  135  14:23  Carrier (Chrono Boost)  
  146  14:33  Tempest (Chrono Boost)  
  146  14:53  Nexus  
  146  14:54  Pylon  
  146  14:56  Assimilator  
  146  14:58  Assimilator  
  146  15:12  Stalker x6  
  126  15:58  Stalker x2  
  126  15:59  Carrier (Chrono Boost), Stalker x4  
  148  16:10  Carrier (Chrono Boost)  
  148  16:35  Stalker x2  
  148  16:36  Stalker x4  
  160  16:59  Probe  
  161  17:12  Probe  
  162  17:22  Stalker x4  
  166  17:23  Stalker x2  
  166  17:24  Probe  
  161  17:36  Probe  
Show
View Real Time Build Order
Export as new Build Order

Spanner Zerg - Winner!

Build Orders: 3 Hatch before Pool 

Get SALT Encoding   

  12  0:58  Drone  
  12  0:59  Drone  
  12  1:02  Overlord  
  14  1:25  Drone  
  14  1:26  Drone  
  14  1:32  Drone  
  17  1:44  Drone  
  18  1:54  Drone  
  19  2:04  Drone  
  20  2:15  Hatchery  
  19  2:29  Hatchery  
  18  2:32  Drone x2  
  20  2:37  Spawning Pool  
  19  2:45  Hatchery  
  18  2:53  Extractor  
  18  2:54  Drone  
  18  2:55  Extractor, Drone  
  18  3:05  Overlord  
  18  3:24  Evolution Chamber  
  18  3:27  Evolution Chamber, Queen  
  17  3:29  Drone x2  
  17  3:31  Drone  
  21  3:36  Drone  
  21  3:38  Drone  
  24  3:48  Drone  
  24  3:52  Drone  
  25  4:05  Drone  
  26  4:12  Drone x2  
  26  4:13  Drone  
  26  4:16  Drone x2  
  31  4:27  Overlord x2  
  31  4:32  Lair  
  31  4:38  Zerg Missile Weapons Level 1  
  31  4:45  Drone x3  
  34  4:49  Drone x3  
  37  4:56  Extractor  
  37  4:59  Extractor, Drone x3  
  38  5:04  Drone  
  39  5:12  Zerg Ground Armor Level 1  
  39  5:20  Drone x2  
  41  5:24  Drone x2  
  43  5:46  Pneumatized Carapace  
  43  5:53  Overlord x4  
  43  5:54  Overlord  
  43  5:57  Drone x3  
  43  5:58  Drone x2  
  48  6:06  Extractor  
  48  6:08  Drone x3  
  48  6:09  Extractor  
  49  6:12  Drone x2  
  49  6:13  Drone  
  49  6:15  Queen  
  54  6:19  Drone  
  54  6:21  Drone x2  
  57  6:30  Burrow  
  57  6:32  Spore Crawler  
  57  6:34  Spore Crawler  
  55  6:40  Spore Crawler  
  54  6:47  Infestation Pit  
  54  6:52  Hydralisk Den  
  52  6:55  Zerg Missile Weapons Level 2  
  52  6:59  Drone x3  
  55  7:07  Zergling x6  
  58  7:19  Extractor  
  58  7:20  Extractor  
  56  7:25  Drone x3  
  59  7:30  Metabolic Boost  
  59  7:32  Pathogen Glands  
  59  7:36  Grooved Spines  
  59  7:43  Hive  
  59  7:46  Hydralisk, Drone  
  59  7:47  Hydralisk x3  
  61  7:53  Queen  
  61  7:56  Hydralisk  
  64  8:07  Spine Crawler, Hydralisk  
  65  8:14  Drone x3  
  65  8:15  Drone  
  65  8:17  Overlord x4  
  69  8:22  Overseer  
  69  8:23  Overseer x3  
  69  8:31  Drone x2  
  71  8:48  Muscular Augments, Lurker Den  
  71  8:50  Spore Crawler  
  71  8:52  Spore Crawler  
  68  8:57  Zerg Ground Armor Level 2  
  68  8:58  Spore Crawler  
  67  9:14  Drone x3  
  70  9:18  Zerg Missile Weapons Level 3  
  70  9:30  Spore Crawler  
  69  9:38  Drone x3  
  72  9:39  Spore Crawler  
  72  9:41  Drone x3  
  65  9:46  Hydralisk x2  
  65  9:47  Hydralisk  
  71  10:01  Spore Crawler  
  71  10:02  Hatchery  
  71  10:04  Spore Crawler  
  68  10:08  Drone x2  
  64  10:26  Drone x2  
  66  10:33  Hydralisk x4  
  66  10:34  Hydralisk x2  
  50  11:08  Hydralisk x2  
  50  11:09  Hydralisk x3  
  52  11:48  Zerg Ground Armor Level 3  
  52  12:03  Zerg Melee Weapons Level 1  
  52  12:13  Hatchery  
  43  12:26  Hydralisk x5  
  43  12:27  Hydralisk x6  
  43  12:28  Hydralisk  
  67  12:38  Spore Crawler  
  67  12:42  Spore Crawler  
  65  12:49  Spore Crawler  
  64  12:56  Overlord  
  64  12:59  Hydralisk x2  
  69  13:05  Drone x2  
  69  13:06  Drone  
  71  13:34  Overseer  
  71  13:40  Drone x3  
  72  14:33  Hydralisk x3  
  72  15:14  Spore Crawler, Extractor  
  71  15:15  Extractor  
  71  15:16  Drone  
  71  15:17  Drone x2  
  42  15:53  Spore Crawler  
  41  16:14  Spore Crawler  
  41  16:17  Hydralisk x5  
  41  16:18  Hydralisk x4  
  53  16:44  Hydralisk x3  
  54  16:48  Overseer  
  54  16:49  Overseer x2  
  54  17:07  Hydralisk x2  
  54  17:08  Hydralisk  
  60  17:11  Overlord  
  60  17:23  Drone  
  60  17:25  Drone  
  60  17:38  Drone  
  60  17:45  Hatchery  
  60  17:57  Hatchery  
Show
View Real Time Build Order
Export as new Build Order

WrathCrusade Protoss 

Build Orders:  

Get SALT Encoding   

  12  0:29  Probe (Chrono Boost)  
  13  0:39  Probe (Chrono Boost)  
  14  0:43  Pylon  
  14  0:44  Probe (Chrono Boost)  
  15  1:01  Probe  
  16  1:06  Forge  
  16  1:11  Gateway  
  16  1:13  Probe (Chrono Boost)  
  18  1:25  Probe (Chrono Boost)  
  18  1:31  Probe (Chrono Boost)  
  19  1:40  Probe  
  20  1:49  Photon Cannon  
  20  1:50  Photon Cannon  
  20  1:52  Probe  
  21  2:02  Pylon  
  21  2:04  Probe  
  21  2:08  Assimilator  
  22  2:13  Assimilator  
  22  2:16  Probe  
  23  2:26  Cybernetics Core  
  23  2:28  Probe  
  24  2:42  Probe  
  25  2:54  Probe  
  26  3:02  Nexus  
  26  3:15  Assimilator  
  26  3:19  Assimilator  
  26  3:26  Probe (Chrono Boost)  
  27  3:37  Probe (Chrono Boost)  
  27  3:38  Stargate  
  28  3:42  Probe (Chrono Boost)  
  29  3:52  Probe  
  30  4:04  Probe  
  30  4:07  Stargate  
  31  4:12  Pylon  
  31  4:17  Pylon  
  31  4:23  Probe (Chrono Boost)  
  32  4:26  Probe (Chrono Boost)  
  33  4:35  Probe (Chrono Boost)  
  33  4:36  Probe (Chrono Boost)  
  35  4:39  Probe (Chrono Boost)  
  35  4:41  Probe (Chrono Boost)  
  35  4:44  Cybernetics Core  
  37  4:48  Probe  
  37  4:51  Stargate  
  37  4:52  Probe, Protoss Air Weapons Level 1  
  39  4:58  Void Ray  
  43  5:00  Probe (Chrono Boost)  
  45  5:08  Probe (Chrono Boost)  
  45  5:12  Probe (Chrono Boost)  
  46  5:18  Probe (Chrono Boost)  
  46  5:19  Probe (Chrono Boost)  
  46  5:20  Pylon  
  49  5:28  Probe  
  49  5:29  Fleet Beacon  
  49  5:45  Void Ray  
  53  6:09  Robotics Facility  
  53  6:16  Photon Cannon  
  53  6:19  Photon Cannon  
  53  6:22  Void Ray  
  57  6:34  Protoss Air Armor Level 1  
  57  6:55  Carrier  
  63  7:19  Zealot  
  65  7:46  Zealot  
  59  8:13  Zealot  
  59  8:16  Void Ray x2  
  67  8:35  Twilight Council  
  67  8:40  Zealot  
  69  8:52  Photon Cannon  
  69  8:56  Photon Cannon  
  69  9:15  Charge, Pylon  
  69  9:20  Dark Shrine  
  69  9:24  Pylon  
  69  9:33  Void Ray, Zealot  
  75  9:42  Protoss Air Weapons Level 2, Void Ray x2  
  75  9:43  Protoss Air Armor Level 2  
  83  9:58  Nexus  
  69  10:25  Void Ray x2  
  77  10:32  Carrier  
  83  10:37  Dark Templar  
  81  11:16  Dark Templar  
  69  11:40  Probe (Chrono Boost), Stargate  
  70  11:47  Pylon  
  70  11:51  Pylon, Probe (Chrono Boost)  
  71  11:55  Probe (Chrono Boost)  
  71  11:56  Dark Templar  
  71  12:07  Probe (Chrono Boost)  
  71  12:19  Probe (Chrono Boost)  
  72  12:24  Pylon  
  72  12:28  Probe (Chrono Boost)  
  72  12:29  Pylon  
  73  12:33  Probe  
  73  12:34  Pylon  
  73  12:35  Dark Templar  
  76  12:39  Pylon  
  76  12:45  Probe  
  76  12:49  Void Ray x3  
  76  12:50  Void Ray  
  93  13:09  Protoss Shields Level 1  
  93  13:14  Dark Templar  
  95  13:20  Probe  
  97  13:28  Probe (Chrono Boost)  
  97  13:32  Void Ray x2  
  106  13:35  Probe (Chrono Boost)  
  106  13:36  Probe (Chrono Boost)  
  106  13:41  Assimilator  
  108  13:45  Assimilator, Probe x2 (Chrono Boost)  
  108  13:47  Photon Cannon, Probe (Chrono Boost)  
  110  13:50  Photon Cannon, Probe (Chrono Boost)  
  110  13:51  Probe  
  110  13:53  Dark Templar  
  110  13:54  Photon Cannon  
  114  13:56  Probe  
  114  13:57  Photon Cannon  
  114  13:59  Photon Cannon  
  114  14:01  Probe  
  116  14:03  Photon Cannon, Probe  
  116  14:07  Photon Cannon  
  116  14:08  Probe  
  118  14:13  Probe  
  118  14:15  Probe  
  120  14:33  Dark Templar  
  101  15:25  Nexus  
  100  16:47  Void Ray x4  
Show
View Real Time Build Order
Export as new Build Order

django Protoss 

Build Orders: Cannon Rush, Carriers 

Get SALT Encoding   

  12  0:21  Pylon  
  12  0:28  Pylon  
  12  0:41  Forge  
  12  0:47  Probe  
  13  0:59  Probe (Chrono Boost)  
  15  1:11  Probe (Chrono Boost)  
  15  1:16  Photon Cannon  
  15  1:21  Photon Cannon  
  15  1:35  Gateway  
  15  1:54  Photon Cannon  
  15  2:10  Pylon  
  15  2:20  Pylon  
  15  2:33  Cybernetics Core  
  15  2:41  Photon Cannon  
  15  2:45  Photon Cannon  
  15  2:55  Zealot  
  17  3:05  Assimilator  
  17  3:10  Assimilator  
  17  3:22  Probe (Chrono Boost)  
  18  3:34  Probe (Chrono Boost)  
  19  3:42  Probe (Chrono Boost)  
  19  3:48  Probe  
  21  4:00  Probe (Chrono Boost)  
  21  4:01  Nexus  
  22  4:35  Stargate  
  22  4:37  Stargate  
  22  4:47  Assimilator  
  22  4:52  Assimilator  
  22  5:01  Pylon  
  22  5:32  Void Ray x2  
  30  5:39  Probe (Chrono Boost)  
  31  5:55  Probe (Chrono Boost)  
  31  6:02  Probe  
  33  6:14  Probe  
  34  6:26  Probe  
  34  6:31  Void Ray  
  34  6:32  Void Ray  
  43  6:38  Probe (Chrono Boost)  
  45  6:56  Probe (Chrono Boost)  
  45  7:02  Probe (Chrono Boost)  
  46  7:38  Void Ray x2  
  54  7:45  Probe  
  55  7:57  Probe  
  56  8:00  Fleet Beacon  
  56  8:09  Probe  
  34  9:01  Carrier x2  
  46  9:24  Pylon  
  46  9:29  Pylon  
  46  9:35  Probe  
  47  9:47  Probe  
  48  9:53  Shield Battery  
  48  9:59  Photon Cannon  
  48  10:06  Photon Cannon  
  44  11:30  Carrier x2  
  56  12:33  Tempest  
  56  12:34  Tempest  
  66  12:40  Probe (Chrono Boost)  
  67  12:48  Probe (Chrono Boost)  
  69  13:00  Probe (Chrono Boost)  
  69  13:07  Probe (Chrono Boost)  
  70  13:22  Protoss Air Weapons Level 1  
  70  13:29  Void Ray x2  
  78  13:52  Pylon  
  78  14:05  Pylon  
  78  14:10  Probe  
  71  14:22  Probe  
  72  14:34  Probe  
  67  15:50  Carrier x2  
  79  15:59  Probe  
  80  16:11  Probe  
  81  16:23  Probe  
  82  16:35  Probe  
  83  17:18  Void Ray  
Show
View Real Time Build Order
Export as new Build Order

Osminog Terran 

Build Orders:  

Get SALT Encoding   

  12  0:02  SCV  
  13  0:18  Supply Depot  
  13  0:20  SCV  
  14  0:32  SCV  
  15  0:40  Supply Depot  
  15  0:52  Barracks  
  15  0:53  SCV  
  16  1:03  Supply Depot  
  16  1:06  SCV  
  17  1:25  Supply Depot  
  17  1:40  Bunker  
  17  1:42  Marine  
  18  1:57  Refinery  
  18  2:01  SCV, Refinery  
  19  2:04  Marine  
  20  2:13  SCV  
  21  2:17  Engineering Bay  
  21  2:22  Marine  
  22  2:25  SCV  
  23  2:36  Bunker  
  23  2:37  SCV  
  23  2:40  Marine  
  25  2:49  SCV  
  26  2:58  Marine  
  27  3:01  Factory  
  27  3:12  Bunker  
  27  3:15  Marine  
  28  3:20  Terran Infantry Weapons Level 1  
  28  3:33  Marine  
  29  3:47  Command Center  
  29  3:51  Marine  
  29  3:54  SCV  
  31  4:06  SCV  
  31  4:09  Marine  
  33  4:12  Starport  
  33  4:25  SCV  
  33  4:27  Marine  
  35  4:31  Factory Tech Lab  
  35  4:37  SCV  
  36  4:44  Marine  
  37  4:47  Sensor Tower  
  37  4:57  Siege Tank  
  40  5:02  Marine  
  41  5:20  Marine, Missile Turret  
  42  5:26  Hi-Sec Auto Tracking  
  42  5:37  Fusion Core  
  42  5:40  Starport Tech Lab, Missile Turret  
  42  5:46  Refinery  
  42  5:48  SCV, Refinery  
  43  6:00  SCV  
  44  6:06  Siege Tank  
  47  6:12  SCV  
  48  6:20  Armory  
  48  6:23  Neosteel Armor  
  48  6:24  SCV  
  49  6:42  Missile Turret  
  49  6:47  Orbital Command  
  49  7:02  Missile Turret  
  49  7:40  Bunker  
  49  7:43  Terran Vehicle And Ship Armor Level 1  
  49  7:44  Weapon Refit  
  49  7:47  Battlecruiser  
  55  8:03  Terran Infantry Weapons Level 2  
  55  8:06  Marine  
  56  8:22  Armory  
  56  8:24  Marine  
  56  8:26  Orbital Command  
  57  8:42  Marine  
  58  8:49  Bunker  
  58  9:00  Marine  
  59  9:13  Sensor Tower  
  59  9:18  Marine  
  59  9:22  Missile Turret  
  60  9:30  Terran Ship Weapons Level 1  
  60  9:40  Sensor Tower  
  60  9:47  Supply Depot  
  60  9:52  Supply Depot  
  60  9:54  Terran Vehicle And Ship Armor Level 2  
  60  10:04  Marine  
  61  10:09  Battlecruiser  
  61  10:11  Supply Depot  
  67  10:22  Marine  
  68  10:32  Sensor Tower  
  68  10:40  Marine  
  69  10:53  Starport  
  69  10:58  Marine  
  69  10:59  Starport  
  70  11:11  Terran Infantry Weapons Level 3  
  70  11:15  Marine  
  71  11:49  Battlecruiser  
  71  11:50  Starport Tech Lab x2  
  77  11:57  Terran Ship Weapons Level 2  
  65  12:53  Terran Vehicle And Ship Armor Level 3  
  65  12:56  Battlecruiser  
  71  13:47  Command Center  
  71  13:49  Battlecruiser  
  77  14:04  Battlecruiser, Supply Depot  
  83  14:27  Supply Depot  
  71  14:44  Battlecruiser  
  42  16:06  SCV  
  37  16:18  SCV  
  22  16:30  SCV  
  22  16:42  SCV  
  23  16:54  SCV  
Show
View Real Time Build Order
Export as new Build Order

cosby Protoss 

Build Orders:  

Get SALT Encoding   

  12  0:02  Probe  
  14  0:14  Probe  
  14  0:21  Pylon  
  14  0:26  Probe  
  15  0:39  Probe  
  16  0:45  Gateway  
  16  0:51  Probe (Chrono Boost)  
  16  0:52  Assimilator  
  17  1:03  Probe (Chrono Boost)  
  18  1:08  Probe (Chrono Boost)  
  19  1:13  Assimilator  
  19  1:18  Probe (Chrono Boost)  
  20  1:30  Probe (Chrono Boost)  
  21  1:33  Cybernetics Core  
  21  1:35  Probe (Chrono Boost)  
  21  1:37  Pylon  
  22  1:49  Probe  
  23  2:06  Nexus  
  23  2:12  Zealot  
  25  2:23  Stargate  
  25  2:32  Pylon  
  25  2:43  Stalker  
  27  2:52  Forge  
  27  2:56  Probe  
  28  3:08  Probe  
  28  3:12  Void Ray  
  33  3:23  Pylon  
  33  3:30  Probe x2 (Chrono Boost)  
  35  3:41  Probe (Chrono Boost)  
  37  3:42  Assimilator  
  37  3:43  Probe (Chrono Boost)  
  37  3:45  Probe (Chrono Boost)  
  38  3:51  Probe  
  39  3:57  Probe  
  40  4:02  Stargate  
  40  4:03  Probe  
  40  4:09  Void Ray  
  45  4:21  Robotics Facility  
  45  4:23  Probe (Chrono Boost)  
  45  4:24  Protoss Shields Level 1  
  46  4:34  Probe (Chrono Boost)  
  46  4:38  Protoss Air Weapons Level 1 (Chrono Boost)  
  47  4:39  Probe (Chrono Boost)  
  48  4:51  Assimilator  
  48  4:52  Probe  
  49  5:01  Void Ray  
  49  5:04  Probe  
  54  5:10  Observer  
  55  5:16  Probe  
  56  5:25  Probe  
  57  5:28  Probe  
  58  5:37  Probe  
  58  5:40  Probe  
  58  5:41  Cybernetics Core  
  60  5:48  Pylon  
  60  5:49  Probe  
  61  5:53  Pylon  
  61  5:56  Pylon  
  61  6:01  Probe  
  62  6:06  Void Ray x2  
  62  6:08  Stargate  
  70  6:14  Stargate  
  70  6:18  Pylon  
  70  6:38  Protoss Air Armor Level 1  
  70  7:33  Void Ray x3  
  70  7:34  Void Ray  
  86  7:37  Pylon  
  86  7:46  Fleet Beacon  
  86  7:51  Twilight Council  
  85  8:09  Pylon  
  79  9:08  Void Ray x4  
  95  9:25  Protoss Air Weapons Level 2 (Chrono Boost)  
  95  10:12  Void Ray  
  95  10:13  Void Ray x2  
  107  10:26  Pylon  
  107  10:28  Pylon  
  107  10:32  Stargate  
  107  10:44  Void Ray  
  111  10:55  Void Ray  
  107  11:07  Protoss Air Armor Level 2 (Chrono Boost)  
  65  11:35  Void Ray x2  
  65  11:36  Void Ray  
  77  12:24  Void Ray x3  
  77  12:25  Void Ray  
  93  12:42  Void Ray  
  97  12:44  Nexus  
  97  13:10  Void Ray  
  97  13:11  Void Ray  
  105  13:25  Void Ray  
  109  13:28  Void Ray  
  113  13:48  Assimilator  
  113  13:53  Assimilator  
  113  13:59  Pylon  
  113  14:01  Pylon  
  113  14:06  Pylon  
  113  14:07  Carrier  
  119  14:10  Protoss Shields Level 2 (Chrono Boost)  
  119  14:30  Photon Cannon  
  119  14:35  Photon Cannon  
  119  14:47  Photon Cannon  
  119  14:50  Pylon  
  47  15:26  Void Ray x4  
  47  15:27  Void Ray  
Tags
 
Add a new tag
Caveats
  • Supply blocks, unpowered buildings, or Contaminate may cause inaccurate times.
  • Supply counts are checked every 10 seconds.